 Dungeon Crawl Stone Soup version 0.21-a0-153-g78480df (webtiles) character file.

25188 galech the Grappler (level 12, -2/98 HPs)
             Began as a Troll Monk on July 31, 2017.
             Was the Champion of Okawaru.
             Slain by a two-headed ogre
             ... wielding a +0 giant club
              (10 damage)
             ... on level 1 of the Orcish Mines.
             The game lasted 00:24:17 (11473 turns).

galech the Grappler (Troll Monk)                   Turns: 11473, Time: 00:24:17

Health: -2/98      AC: 18    Str: 26    XL:     12   Next: 87%
Magic:  11/11      EV:  9    Int:  6    God:    Okawaru [******]
Gold:   900        SH: 17    Dex: 17    Spells: 11/11 levels left

rFire    + + .     SeeInvis .     - Unarmed
rCold    + . .     Gourm    +   B - +0 large shield
rNeg     . . .     Faith    .   n - +0 fire dragon scales
rPois    .         Spirit   .   f - +2 hat
rElec    .         Reflect  .   h - +0 cloak
rCorr    .         Harm     .   (gloves unavailable)
MR       .....                  (boots unavailable)
Stlth    +.........             (no amulet)
HPRegen  0.66/turn              v - ring of protection from cold
MPRegen  0.12/turn              y - +3 ring of dexterity

@: no status effects
A: unfitting armour, claws 3, thin skeletal structure 1, cold resistance 1, fast
metabolism 3, frail 1, gourmand, regeneration 1, shaggy fur 2, tough skin 2,
wild magic 1
a: Heroism, Finesse, Renounce Religion


You were on level 1 of the Orcish Mines.
You worshipped Okawaru.
Okawaru was exalted by your worship.
You were completely stuffed.

You visited 4 branches of the dungeon, and saw 14 of its levels.
You also visited: Ice Cave.

You collected 900 gold pieces.

Inventory:

Armour
 f - a +2 hat (worn)
 h - a +0 cloak (worn)
 n - +0 fire dragon scales (worn)
 B - a +0 large shield (worn)
 D - a +2 robe of cold resistance
Jewellery
 e - an uncursed ring of magical power
 i - an uncursed ring of positive energy
 v - a ring of protection from cold (left claw)
 y - a +3 ring of dexterity (right claw)
 N - an uncursed ring of positive energy
Wands
 j - a wand of lightning (0/15)
 p - a wand of polymorph (17/24)
 q - a wand of lightning (7/15)
 s - a wand of digging (10/24)
Scrolls
 a - a scroll of enchant weapon
 d - 5 scrolls of enchant armour
 l - 2 scrolls of recharging
 o - 2 scrolls of blinking
 r - a scroll of fog
 u - a scroll of fear
 w - a scroll of silence
 z - 5 scrolls of teleportation
 C - a scroll of vulnerability
 E - a scroll of random uselessness
 F - 3 scrolls of amnesia
 G - 3 scrolls of remove curse
Potions
 c - 3 potions of invisibility {unknown}
 k - 2 potions of flight {unknown}
 m - a potion of might
 x - 2 potions of haste {unknown}
 H - a potion of lignification {unknown}
 I - a potion of curing
 K - a potion of agility
 L - 4 potions of heal wounds {unknown}
 O - 2 potions of cancellation {unknown}
 P - a potion of brilliance {unknown}
Books
 A - a book of Maledictions

   Spells                             Type                      Level
   a - Corona                         Hexes                        1
   b - Ensorcelled Hibernation        Hexes/Ice                    2
   c - Confuse                        Hexes                        3
   d - Tukima's Dance                 Hexes                        3
   e - Dazzling Spray                 Conjuration/Hexes            3
Comestibles
 b - 9 bread rations
 g - 5 royal jellies
 t - 4 meat rations
 J - 11 chunks of flesh


   Skills:
 + Level 4.4 Fighting
 + Level 8.3 Armour
 + Level 6.4 Dodging
 + Level 2.6 Stealth
 + Level 6.7 Shields
 + Level 14.9 Unarmed Combat


You had 11 spell levels left.
You didn't know any spells.

Dungeon Overview and Level Annotations

Branches:
Dungeon (11/15)            Temple (1/1) D:4            Lair (1/6) D:9
    Orc (1/2) D:11

Altars:
Ashenzari
Cheibriados
Dithmenos
Elyvilon
Fedhas
Gozag
Hepliaklqana
Kikubaaqudgha
Makhleb
Nemelex Xobeh
Okawaru
Qazlal
Ru
Sif Muna
Trog
Uskayaw
Vehumet
Wu Jian
Xom
Yredelemnul
Zin
The Shining One

Shops:
D:8 [


Innate Abilities, Weirdness & Mutations

You are too large for most types of armour.
You have claws for hands.
Your metabolism is lightning-fast.
You like to eat raw meat.
Your natural rate of healing is unusually fast.
You are covered in thick fur. (AC +2)
You have very tough skin. (AC +2)
You have a somewhat thin skeletal structure. (Dex +2, Stealth)
Your flesh is cold resistant. (rC+)
You are frail. (-10% HP)
Your spells are a little harder to cast, but a little more powerful.


Message History

You are too injured to fight recklessly!
You are too injured to fight recklessly!
You block the ogre mage's attack.
The ogre mage points at you and mumbles some strange words.
The bolt of fire hits you! You resist.
The two-headed ogre hits you with a giant club!
You block the two-headed ogre's attack.
The ogre mage casts a spell.
The ogre mage blinks!
The orc wizard casts a spell.
The orc wizard blinks!
The two-headed ogre hits you but does no damage.
You block the two-headed ogre's attack.
The two-headed ogre hits you with a giant club!
* * * LOW HITPOINT WARNING * * *
You block the two-headed ogre's attack.
The two-headed ogre hits you with a giant club!!
* * * LOW HITPOINT WARNING * * *
The two-headed ogre hits you with a giant club!
You die...

#...o..##....#.['..+..#..#....#
#)Oo###...#..#..#..#........
#.oO#.##..#..####..#....##..
#..o.#.#..#........#.......#
......##O.##.####''####.......#
#.#...##..##.............#....#
# #..##......#.###.............
####...#.O..###..............
##..###..O@#.....#.....##..
#.......#.#.#..............
###....####.##.#...##.<....
#...###.....##....#.....#
##...#.......#...###...##
####.........#.## #####
#.....##....## ##.......####
##......#


You could see 3 two-headed ogres.

Vanquished Creatures
  Erolcha (D:11)
  Erica (D:8)
  7 two-headed ogres
  The ghost of galech the Grappler, a novice TrMo of Okawaru (D:8)
  A necromancer (IceCv)
  An ugly thing (D:11)
  Pikel (D:8)
  2 cyclopes (D:11)
  2 ice statues (IceCv)
  A black mamba (Lair:1)
  A spiny frog (Lair:1)
  Maurice (D:8)
  4 komodo dragons
  7 ice devils (IceCv)
  3 trolls
  Prince Ribbit (D:5)
  2 hippogriffs
  The ghost of B1inky the Ducker, an amateur OpFi (D:4)
  A wyvern (D:11)
  A wraith (D:11)
  4 hogs (D:10)
  21 yaks
  A steam dragon (D:11)
  A human (D:10)
  A hungry ghost (D:8)
  2 insubstantial wisps (D:11)
  Duvessa (D:7)
  3 water moccasins (Lair:1)
  A porcupine (Lair:1)
  4 orc warriors
  2 ice beasts
  4 sky beasts
  5 phantoms
  An eye of draining (D:11)
  6 ogres
  4 centaurs
  A crocodile (Lair:1)
  A big kobold (D:8)
  5 bullfrogs
  A wyvern skeleton (D:9)
  Dowan (D:7)
  A scorpion (D:10)
  A water moccasin skeleton (D:5)
  20 killer bees
  3 crimson imps
  2 centaur zombies
  3 howler monkeys
  15 orc wizards
  2 centaur skeletons
  3 draconian simulacra (IceCv)
  6 hounds
  3 jellies
  5 orc priests
  Jessica (D:7)
  2 bullfrog skeletons (D:5)
  3 iguanas
  11 worker ants
  6 troll simulacra (IceCv)
  2 killer bee zombies (D:10)
  A howler monkey zombie (D:6)
  2 hound skeletons
  A mummy (D:9)
  12 adders
  An ogre simulacrum (IceCv)
  2 shadow imps
  12 white imps (Lair:1)
  2 oozes
  A worm (D:2)
  4 leopard geckos
  32 orcs
  A ball python (D:4)
  A bat (D:2)
  3 giant cockroaches
  4 hobgoblins
  6 jackals (D:6)
  2 quokkas
  4 frilled lizards
  4 goblins
  2 jackal skeletons
  8 kobolds
  A quokka zombie (D:8)
  7 rats
312 creatures vanquished.

Vanquished Creatures (others)
  A crimson imp (D:8)
  A worker ant zombie (D:8)
  2 orcs (D:8)
  A bush (Lair:1)
  A fungus (Lair:1)
  11 plants (D:9)
17 creatures vanquished.

Grand Total: 329 creatures vanquished

Notes
Turn   | Place    | Note
-------+----------+-------------------------------------------
     0 | D:1      | galech the Troll Monk began the quest for the Orb.
     0 | D:1      | Reached XP level 1. HP: 22/22 MP: 0/0
   197 | D:1      | Reached XP level 2. HP: 25/29 MP: 1/1
   800 | D:2      | Reached XP level 3. HP: 36/36 MP: 2/2
  1020 | D:2      | Found a hide-covered altar of Uskayaw.
  1234 | D:2      | Reached skill level 4 in Unarmed Combat
  1356 | D:2      | Reached XP level 4. HP: 44/44 MP: 3/3
  1492 | D:2      | Found a burning altar of Makhleb.
  1494 | D:2      | Found a deep blue altar of Sif Muna.
  1496 | D:2      | Found a white marble altar of Elyvilon.
  1633 | D:3      | Found a bloodstained altar of Trog.
  1695 | D:3      | Found a blossoming altar of Fedhas.
  2103 | D:3      | Found a faded altar of an unknown god.
  2245 | D:4      | Found a radiant altar of Vehumet.
  2323 | D:4      | Noticed an ogre
  2331 | D:4      | Killed an ogre
  2331 | D:4      | Reached XP level 5. HP: 35/53 MP: 4/4
  2339 | D:4      | Noticed B1inky's ghost (amateur OpFi)
  2361 | D:4      | Killed B1inky's ghost
  2361 | D:4      | Reached skill level 1 in Armour
  2361 | D:4      | Reached skill level 5 in Unarmed Combat
  2361 | D:4      | Reached XP level 6. HP: 19/61 MP: 5/5
  2599 | D:4      | Found a staircase to the Ecumenical Temple.
  2606 | Temple   | Entered the Ecumenical Temple
  2834 | D:4      | Reached skill level 6 in Unarmed Combat
  2834 | D:4      | Reached XP level 7. HP: 59/67 MP: 6/6
  3069 | D:5      | Entered Level 5 of the Dungeon
  3334 | D:5      | Found an iron altar of Okawaru.
  3342 | D:5      | Became a worshipper of Warmaster Okawaru
  3342 | D:5      | Reached * piety under Okawaru
  3342 | D:5      | Reached ** piety under Okawaru
  3569 | D:5      | Noticed Prince Ribbit
  3577 | D:5      | Killed Prince Ribbit
  3577 | D:5      | Reached skill level 7 in Unarmed Combat
  3577 | D:5      | Reached XP level 8. HP: 27/75 MP: 7/7
  4031 | D:6      | Gained mutation: You are clumsy. (Dex -2) [potion of mutation]
  4031 | D:6      | Gained mutation: You are somewhat resistant to further mutation. [potion of mutation]
  4262 | D:6      | Reached skill level 8 in Unarmed Combat
  4264 | D:6      | Reached *** piety under Okawaru
  4575 | D:7      | Noticed a hippogriff
  4756 | D:7      | Gained mutation: You have a somewhat thin skeletal structure. (Dex +2, Stealth) [mutagenic meat]
  5051 | D:7      | Noticed Jessica
  5059 | D:7      | Killed a hippogriff
  5059 | D:7      | Reached **** piety under Okawaru
  5059 | D:7      | Reached skill level 9 in Unarmed Combat
  5059 | D:7      | Reached XP level 9. HP: 72/83 MP: 8/8
  5063 | D:7      | Killed Jessica
  5066 | D:7      | Found a deep blue altar of Sif Muna.
  5166 | D:7      | Noticed Duvessa
  5166 | D:7      | Noticed Dowan
  5173 | D:7      | Killed Duvessa
  5173 | D:7      | Reached skill level 5 in Armour
  5180 | D:7      | Killed Dowan
  5301 | D:8      | Noticed a troll
  5318 | D:7      | Killed a troll
  5695 | D:8      | Noticed a two-headed ogre
  5704 | D:8      | Killed a two-headed ogre
  5704 | D:8      | Reached skill level 10 in Unarmed Combat
  5798 | D:8      | Noticed Erica
  5798 | D:8      | Reached ***** piety under Okawaru
  5799 | D:8      | Reached XP level 10. HP: 76/92 MP: 9/9
  5911 | D:8      | Killed Erica
  5911 | D:8      | Reached skill level 11 in Unarmed Combat
  5992 | D:8      | Noticed Maurice
  6096 | D:8      | Found an opulent altar of Gozag.
  6128 | D:8      | Found an ornate altar of the Wu Jian Council.
  6139 | D:8      | Reached skill level 1 in Shields
  6285 | D:8      | Found Zaufaun's Antique Armour Shoppe.
  6542 | D:8      | Noticed galech's ghost (novice TrMo)
  6553 | D:8      | Killed galech's ghost
  6553 | D:8      | Reached skill level 5 in Dodging
  6774 | D:8      | Noticed Pikel
  6782 | D:8      | Killed Pikel
  7044 | D:8      | Killed Maurice
  7044 | D:8      | Received a gift from Okawaru
  7076 | D:9      | Found a snail-covered altar of Cheibriados.
  7108 | D:9      | Reached skill level 12 in Unarmed Combat
  7149 | D:9      | Noticed a two-headed ogre
  7179 | D:9      | Killed a two-headed ogre
  7207 | D:8      | Reached XP level 11. HP: 30/100 MP: 10/10
  7519 | D:9      | Lost mutation: You are somewhat resistant to further mutation. [potion of mutation]
  7519 | D:9      | Lost mutation: You are clumsy. (Dex -2) [potion of mutation]
  7519 | D:9      | Gained mutation: Your spells are a little harder to cast, but a little more powerful. [potion of mutation]
  7519 | D:9      | Gained mutation: Your flesh is cold resistant. (rC+) [potion of mutation]
  7519 | D:9      | Gained mutation: You are frail. (-10% HP) [potion of mutation]
  7519 | D:9      | Gained mutation: You are covered in thick fur. (AC +2) [potion of mutation]
  7529 | D:9      | Found a stormy altar of Qazlal.
  7539 | D:9      | Noticed a two-headed ogre
  7546 | D:9      | Killed a two-headed ogre
  7641 | D:9      | Noticed a two-headed ogre
  7647 | D:9      | Killed a two-headed ogre
  7647 | D:9      | Reached ****** piety under Okawaru
  7652 | D:9      | Received a gift from Okawaru
  7657 | D:9      | Found a staircase to the Lair.
  7749 | Lair:1   | Entered Level 1 of the Lair of Beasts
  7954 | Lair:1   | Found a frozen archway.
  7970 | IceCv    | Entered an ice cave
  8135 | IceCv    | Reached skill level 13 in Unarmed Combat
  8339 | IceCv    | Received a gift from Okawaru
  8350 | IceCv    | Reached skill level 5 in Shields
  8441 | IceCv    | Noticed a necromancer
  8449 | IceCv    | Killed a necromancer
  9045 | Lair:1   | Reached XP level 12. HP: 98/98 MP: 11/11
  9169 | D:10     | Entered Level 10 of the Dungeon
  9663 | D:10     | Received a gift from Okawaru
 10558 | D:11     | Noticed a two-headed ogre
 10565 | D:11     | Killed a two-headed ogre
 10565 | D:11     | Reached skill level 14 in Unarmed Combat
 10797 | D:11     | Noticed Erolcha
 10804 | D:11     | Killed Erolcha
 10947 | D:11     | Found a staircase to the Orcish Mines.
 11189 | D:11     | Received a gift from Okawaru
 11277 | Orc:1    | Entered Level 1 of the Orcish Mines
 11453 | Orc:1    | Noticed a two-headed ogre
 11455 | Orc:1    | Noticed a two-headed ogre
 11455 | Orc:1    | Noticed an ogre mage
 11455 | Orc:1    | Noticed a two-headed ogre
 11456 | Orc:1    | Noticed a two-headed ogre
 11456 | Orc:1    | Noticed a two-headed ogre
 11458 | Orc:1    | Killed a two-headed ogre
 11459 | Orc:1    | Noticed a two-headed ogre
 11462 | Orc:1    | Killed a two-headed ogre
 11473 | Orc:1    | Slain by a two-headed ogre

Vault maps used:
D:1:      shiori_shiawase
D:2:      marbit_many_paths, minitemple, nrook_mini_backslash,
          minmay_misc_feat_square
D:3:      lemuel_crystal_altar, chequers_ecumenical_altar_simple, fedhas_altar_2
D:4:      lemuel_round_altar, temple_fountains, first_bread,
          minmay_misc_feat_room
D:5:      lemuel_coloured_pillars_altar, grunt_ministairs_14,
          uniq_prince_ribbit1
D:7:      tgw_sif, uniq_duvessa
D:8:      grunt_temple_overflow_open, serial_shops, nicolae_shop_waterfront,
          uniq_erica, uniq_pikel, uniq_maurice
D:9:      slow_altar_1, lemuel_crystal_altar, david_lair_shrubbed
D:10:     grunt_livestock, minivault_25, roderic_chinese_pattern_swastika,
          nicolae_wand_duel
D:11:     orc_0_dummy, hangedman_misty_isle, uniq_erolcha
Temple:   minmay_freezing_vapour_temple
Lair:1:   portal_ice_cave_entry_imps
Orc:1:    guppyfry_library_mini
IceCv:    ice_cave_tombish

Skill      XL: |  1  2  3  4  5  6  7  8  9 10 11 12 |
---------------+-------------------------------------+-----
Unarmed Combat | 4 5 6 7 9 10 12 13 14 | 14.9
Fighting       | 3 4 |  4.4
Dodging        | 3 4 5 6 |  6.4
Armour         | 1 2 3 4 6 7 8 |  8.3
Stealth        | 2 |  2.6
Shields        | 2 5 6 |  6.7

Action                   |  1- 3 |  4- 6 |  7- 9 | 10-12 || total
-------------------------+-------+-------+-------+-------++-------
Melee: Unarmed           |    86 |   107 |   329 |   725 ||  1247
       Punch             |       |     4 |    14 |       ||    18
Invok: Heroism           |       |       |       |     3 ||     3
  Use: Scroll            |     4 |       |    11 |     6 ||    21
       Potion            |       |       |     3 |     1 ||     4
 Stab: Sleeping          |     3 |       |       |     9 ||    12
  Eat: Chunk             |    18 |     9 |    33 |    58 ||   118
Armor: Robe              |    17 |       |       |    25 ||    42
       Fire dragon scale |     9 |    48 |   189 |   241 ||   487
Dodge: Dodged            |    41 |    33 |   158 |   142 ||   374
Block: Large shield      |       |       |     7 |   516 ||   523
